AoeStats
← norf182

African Clearing

506663214Analyzed
2v2 RM · 19d ago on Sep 14, 2026· 44m 54s· 4 players
Game mode
Random Map
Map size
Medium (4 player)
Population
200
Speed
Normal
Resources
Standard
Victory
Conquest
Starting age
Dark Age
Ending age
Imperial Age
RankedLock teamsTeams togetherTeam positionsShared explorationLock speedFull tech treeHidden civsTurbo modeCheats
Victory
Defeat
🇹🇷 Spanish · Türkiye
1096
+14
🇯🇵 Cumans · Japan
1092
+14
🇦🇷 Byzantines · Argentina
1077
-15
🇨🇴 Spanish · Colombia
1035
-13
Jojo
6:33 Loom
13:48 Feudal Age
22:17 Castle Age
21:37 Stone Mining
24:02 Wheelbarrow
23:34 Fletching
23:27 Horse Collar
29:59 Forging
norf182
4:07 Loom
13:48 Feudal Age
15:01 Double-Bit Axe
22:52 Castle Age
21:52 Forging
21:47 Stone Mining
31:14 Scale Barding Armor
31:36 Town Watch
32:31 Fletching
33:06 Chain Barding Armor
32:56 Padded Archer Armor
34:26 Bodkin Arrow
35:10 Bloodlines
35:01 Husbandry
39:58 Imperial Age
38:38 Fortified Wall
38:19 Horse Collar
38:46 Light Cavalry
39:45 Bow Saw
40:00 Fervor
40:10 Sanctity
39:24 Elite Skirmisher
40:25 Leather Archer Armor
40:16 Scale Mail Armor
39:39 Pikeman
40:20 Squires
40:05 Gambesons
41:10 Heavy Plow
42:14 Two-Man Saw
41:49 Ring Archer Armor
42:10 Block Printing
42:21 Illumination
42:31 Theocracy
43:01 Ballistics
43:28 Plate Barding Armor
43:29 Iron Casting
43:26 Conscription
43:19 Gold Mining
44:06 Stone Shaft Mining
44:09 Bracer
45:15 Chemistry
GANZA
5:02 Loom
13:17 Feudal Age
17:22 Double-Bit Axe
18:37 Bloodlines
23:32 Castle Age
21:28 Horse Collar
22:37 Forging
22:43 Scale Barding Armor
24:22 Husbandry
25:00 Iron Casting
25:47 Chain Barding Armor
26:59 Gold Mining
27:03 Stone Mining
28:17 Wheelbarrow
27:36 Gold Mining
28:52 Heavy Plow
32:44 Bow Saw
35:59 Imperial Age
34:21 Hand Cart
33:52 Town Watch
37:40 Blast Furnace
37:16 Plate Barding Armor
36:03 Cavalier
37:49 Chemistry
37:11 Conscription
37:22 Paladin
39:37 Ballistics
Walter2000
7:10 Loom
12:06 Feudal Age
13:10 Double-Bit Axe
21:40 Castle Age
20:24 Wheelbarrow
20:11 Town Watch
20:59 Stone Mining
21:15 Fishing Lines
23:39 Fletching
25:18 Bow Saw
26:30 Bodkin Arrow
26:45 Padded Archer Armor
27:46 Horse Collar
31:24 Leather Archer Armor
31:59 Heavy Plow
32:14 Gold Mining
33:51 Bloodlines
35:05 Forging
35:26 Steppe Husbandry
35:39 Scale Barding Armor
35:01 Light Cavalry
36:23 Iron Casting
36:01 Thumb Ring
36:24 Hand Cart
37:07 Gold Shaft Mining
37:04 Ballistics
37:55 Chain Barding Armor
41:02 Capped Ram
Connection lost

Rejoining the realm…

Still unreachable

The connection could not be restored.

Session expired

The server has moved on; the page needs a fresh start.